 Dungeon Crawl Stone Soup version 0.30.1-11-g7821555f0a (webtiles) character file.

Game seed: 16377418419503317481

15781 monsoonserge the Stormcaller (level 12, -1/65 (68) HPs)
             Began as a Tengu Air Elementalist on Nov 23, 2023.
             Was a Believer of Vehumet.
             Succumbed to a gnoll sergeant's poison
             ... on level 8 of the Dungeon on Nov 24, 2023.
             The game lasted 01:19:25 (15154 turns).

monsoonserge the Stormcaller (TeAE)                Turns: 15154, Time: 01:19:26

HP:   -1/65 (68)    AC:  5    Str: 10    XL:     12   Next: 30%
MP:   20/20         EV: 18    Int: 20    God:    Vehumet [**....]
Gold: 499           SH:  0    Dex: 14    Spells: 9/21 levels left

rFire   . . .        a - staff of conjuration
rCold   + . .        (no shield)
rNeg    . . .        O - +0 steam dragon scales
rPois   .            (helmet restricted)
rElec   +            (no cloak)
rCorr   .            (no gloves)
SInv    .            (boots unavailable)
Will    +....        p - amulet of the Air {Inacc Air Fly rElec RMsl}
Stlth   +++          q - ring of protection from cold
HPRegen 0.30/turn    z - ring of willpower
MPRegen 0.17/turn

%: repel missiles
@: mighty, lethally poisoned (-1 -> -24), flying quickly and evasively, hasted,
lightly drained, invisible, very quick
A: beak, talons 3, nimble flight
a: Renounce Religion


You were on level 8 of the Dungeon.
You worshipped Vehumet.
Vehumet was pleased with you.
You visited 2 branches of the dungeon, and saw 10 of its levels.
You also visited: Sewer and Bailey.

You collected 621 gold pieces.
You spent 122 gold pieces at shops.

Inventory:

Hand Weapons
 b - a +3 scimitar of freezing
 I - a +0 long sword of holy wrath
 J - a +4 dagger of electrocution
Missiles
 r - 17 boomerangs
 S - a curare-tipped dart
 T - 16 poisoned darts (quivered)
Armour
 m - the +1 robe of Hadjma {rCorr Int+2 Slay+2}
   (You took it off a gnoll on level 5 of the Dungeon)

   Int:       It affects your intelligence (+2).
   Slay:      It affects your accuracy & damage with ranged weapons and melee
   (+2).
   rCorr:     It protects you from acid and corrosion.
 G - +0 storm dragon scales
 K - a +2 robe of willpower
 O - +0 steam dragon scales (worn)
Magical Staves
 a - a staff of conjuration (weapon)
Jewellery
 n - a ring of positive energy
 p - the amulet of the Air (around neck) {Inacc Air Fly rElec RMsl}
   (You found it on level 2 of the Dungeon)

   [amulet of nothing]

   Inacc:     It reduces the accuracy of your attacks and spells.
   Air:       It enhances your air magic.
   rElec:     It insulates you from electricity.
   Fly:       It grants you flight.
   RMsl:      It protects you from missiles.
 q - a ring of protection from cold (left hand)
 t - a ring of protection from fire
 z - a ring of willpower (right hand)
 Q - a ring of willpower
 R - a ring of poison resistance
 U - a ring of positive energy
Wands
 e - a wand of iceblast (7)
 j - a wand of flame (21)
 E - a wand of light (9)
 F - a wand of digging (4)
 P - a wand of paralysis (9)
Scrolls
 c - 2 scrolls of vulnerability
 f - 3 scrolls of enchant armour {unknown}
 g - a scroll of brand weapon {unknown}
 k - 3 scrolls of magic mapping {unknown}
 l - 3 scrolls of enchant weapon
 o - 4 scrolls of fog
 s - a scroll of noise {unknown}
 u - 3 scrolls of poison
 v - 2 scrolls of immolation {unknown}
 w - 5 scrolls of teleportation
 y - 2 scrolls of amnesia {unknown}
 A - a scroll of identify
 B - 2 scrolls of fear {unknown}
 D - a scroll of silence
 H - a scroll of acquirement
 L - a scroll of blinking {unknown}
Potions
 d - a potion of haste
 h - a potion of invisibility
 i - 3 potions of brilliance
 x - 2 potions of ambrosia {unknown}
 C - 2 potions of might
 M - a potion of attraction
 N - a potion of lignification {unknown}


   Skills:
 + Level 5.4 Fighting
 + Level 1.3 Long Blades
 + Level 1.9 Axes
 + Level 0.4 Staves
 + Level 1.8 Throwing
 - Level 4.2 Armour
 + Level 7.9 Dodging
 + Level 5.3 Stealth
 - Level 5.0 Spellcasting
 + Level 3.0 Conjurations
 - Level 3.0 Fire Magic
 + Level 18.2 Air Magic
 + Level 3.7 Evocations


You had 9 spell levels left.
You knew the following spells:

 Your Spells              Type           Power      Damage    Failure   Level
a - Shock                 Conj/Air       100%       1d9       1%          1
b - Swiftness             Air            86%        N/A       1%          3
c - Airstrike             Air            43%        2d(7-23)  1%          4
d - Foxfire               Conj/Fire      100%       2x1d9     3%          1
e - Mephitic Cloud        Conj/Pois/Air  66%        N/A       1%          3

Your spell library contained the following spells:

 Spells                   Type           Power      Damage    Failure   Level
 Static Discharge         Conj/Air       100%       2-7/arc   1%          2
 Ensorcelled Hibernation  Hex/Ice        10%        N/A       17%         2
 Passwall                 Tmut/Erth      4%         N/A       17%         2
 Hailstorm                Conj/Ice       16%        3d6       19%         3
 Tukima's Dance           Hex            5%         N/A       34%         3
 Ice Form                 Ice/Tmut       5%         N/A       75%         4
 Passage of Golubria      Tloc           5%         N/A       75%         4
 Yara's Violent Unravell  Hex/Tmut       2%         3d3       97%         5
 Simulacrum               Ice/Necr       2%         N/A       100%        6


Dungeon Overview and Level Annotations

Branches:
Dungeon (9/15)             Temple (1/1) D:6           Sewer (visited)
 Bailey (visited)
   Lair: D:8-11         Orc: D:9-12

Altars:
Ashenzari
Cheibriados
Dithmenos
Elyvilon
Fedhas
Gozag
Hepliaklqana
Kikubaaqudgha
Makhleb
Nemelex Xobeh
Okawaru
Qazlal
Ru
Trog
Uskayaw
Vehumet
Wu Jian
Zin
The Shining One

Shops:
D:6 [   D:7 *


Innate Abilities, Weirdness & Mutations

You have a beak for a mouth.
You have claws for feet.
Your magical nature lets you fly swiftly and evasively.


Message History

You are poisoned.
There is a stone staircase leading up, spattered with blood here.
You feel very sick.
You feel sick.
The gnoll sergeant hits you with a +2 spear of venom.
You are more poisoned.
The gnoll barely misses you.
There is a stone staircase leading up, spattered with blood here.
You feel very sick. The gnoll closely misses you.
The gnoll sergeant hits you with a +2 spear of venom.
You are more poisoned.
You fly upwards.
You feel extremely sick.
There is a stone staircase leading down here.
Okay, then.
Casting: Shock (safe; 1% risk of failure)
Confirm with . or Enter, or press ? or * to list all spells.
Okay, then.
Casting: Shock (safe; 1% risk of failure)
Confirm with . or Enter, or press ? or * to list all spells.
Okay, then.
You are seriously poisoned (21 -> 1).
You are flying quickly and evasively.
Your life force is lightly drained.
Your flying speed is quick.
Your attack delay is about 1.1.
Your damage rating with your staff of conjuration is about 5 (Base 5 x 100% (Str) x 109% (Skill)).
You feel yourself speed up.
* * * LOW HITPOINT WARNING * * *
You feel very sick.
The gnoll sergeant hits you with a +2 spear of venom!
* * * LOW HITPOINT WARNING * * *
You are more poisoned.
The gnoll closely misses you.
It was a potion of might.
You feel very mighty all of a sudden.
* * * LOW HITPOINT WARNING * * *
You feel very sick.
It was a potion of invisibility.
You fade into invisibility!
You die...

.....###.##..............###....#
###.#.#.########...#####.###..###
....##.## #...# #......###
######.# ###...### ####......
######.# #.......# #..####
#......#######.#...#.######....##
..#######................##.##.##
#########.####.#g#######.##.##.##
# #.......###..@# #.##...... #
#.####..##..g.# #......... #
#.##.#..##.#..# #..####.## #
#.#...........# #..####)#
#.##.#........# #....##†#
#.##.##.#####.#######>.#.##.#
#.......## #..........#.##.#
####.....# ##..............#
#####.# ###.#####..##.#..#


You could see a gnoll sergeant (unable to see you) and a gnoll (unable to see
you).

Vanquished Creatures
  An orc high priest (Bailey)
  3 orc knights (Bailey)
  The ghost of lonewolfV2 the Blocker, a novice FoFi (D:4)
  Joseph (D:7)
  Maggie (D:7)
  A kobold demonologist (Bailey)
  A troll (D:5)
  A shadow (D:9)
  6 yaks (D:8)
  A wyvern (D:5)
  A steam dragon (D:7)
  A water moccasin (D:8)
  Duvessa (D:7)
  10 orc warriors
  A sky beast (D:8)
  An ice beast (D:6)
  3 ogres
  6 centaurs
  3 phantoms
  2 kobold brigands (D:9)
  5 bullfrogs
  4 scorpions
  8 wights
  Dowan (D:7)
  4 killer bees (D:8)
  6 electric eels (Bailey)
  A gnoll bouda (D:5)
  3 orc priests
  6 hounds
  2 jellies
  Jessica (D:2)
  7 iguanas
  3 sleepcaps
  8 orc wizards
  A sickly merfolk siren (Sewer)
  A malarious merfolk avatar (Sewer)
  8 gnolls
  23 adders
  3 river rats (Sewer)
  A shadow imp (D:7)
  2 white imps
  The ghost of BrewmasterC the Sneak, a weakling HuDe (D:5)
  8 dart slugs
  42 orcs
  16 ball pythons
  8 bats
  4 endoplasms
  9 giant cockroaches
  18 goblins
  12 hobgoblins
  6 jackals
  12 quokkas
  18 frilled lizards
  14 kobolds
  25 rats
337 creatures vanquished.

Vanquished Creatures (others)
  A kobold (D:9)
  243 foxfires
244 creatures vanquished.

Grand Total: 581 creatures vanquished

Notes
Turn   | Place    | Note
-------+----------+-------------------------------------------
     0 | D:1      | monsoonserge the Tengu Air Elementalist began the quest for
                  | the Orb.
     0 | D:1      | Reached XP level 1. HP: 10/10 MP: 4/4
   405 | D:1      | Reached XP level 2. HP: 15/15 MP: 1/6
   588 | D:1      | Reached skill level 1 in Armour
   687 | D:1      | Reached XP level 3. HP: 19/19 MP: 3/7
  1273 | D:2      | Learned a level 3 spell: Swiftness
  1371 | D:2      | Reached skill level 5 in Air Magic
  1385 | D:2      | Reached XP level 4. HP: 9/24 MP: 0/8
  1604 | D:2      | Found a faded altar of an unknown god.
  1734 | D:2      | Found the amulet of the Air {Inacc Air Fly rElec RMsl}
  1962 | D:2      | Noticed Jessica
  1966 | D:2      | Killed Jessica
  1967 | D:2      | Gained mutation: Your magical nature lets you fly swiftly
                  | and evasively. [Tengu growth]
  1967 | D:2      | Reached XP level 5. HP: 28/28 MP: 7/9
  1977 | D:2      | Learned a level 4 spell: Airstrike
  2269 | D:3      | Found an ornate altar of the Wu Jian Council.
  2869 | D:4      | Reached skill level 1 in Evocations
  3018 | D:4      | Identified the +1 robe "Numeyth" {Harm Will- Regen+ Str-3}
  3186 | D:4      | Reached XP level 6. HP: 29/32 MP: 4/10
  3530 | D:4      | Reached skill level 6 in Air Magic
  3822 | D:4      | Found a runed translucent door.
  3823 | D:4      | Noticed lonewolfV2's ghost (novice FoFi)
  4031 | D:5      | Entered Level 5 of the Dungeon
  4128 | D:5      | Reached XP level 7. HP: 15/37 MP: 12/12
  4132 | D:5      | Reached skill level 1 in Fighting
  4197 | D:5      | Found a glowing drain.
  4204 | Sewer    | Entered a sewer
  4326 | Sewer    | Reached skill level 7 in Air Magic
  5340 | D:5      | Reached skill level 8 in Air Magic
  5511 | D:5      | Reached XP level 8. HP: 34/43 MP: 4/13
  5518 | D:5      | Reached skill level 9 in Air Magic
  5722 | D:5      | Noticed a wyvern
  5740 | D:5      | Killed a wyvern
  5741 | D:5      | Reached skill level 10 in Air Magic
  5868 | D:5      | Identified the +1 robe of Hadjma {rCorr Int+2 Slay+2}
  6194 | D:5      | Found a runed translucent gate.
  6194 | D:5      | Found a runed translucent gate.
  6194 | D:5      | Found a runed translucent gate.
  6196 | D:5      | Found an opulent altar of Gozag.
  6199 | D:5      | Noticed BrewmasterC's ghost (weakling HuDe)
  6199 | D:5      | Noticed a troll
  6237 | D:5      | Reached skill level 1 in Axes
  6238 | D:5      | Reached skill level 11 in Air Magic
  6578 | D:6      | Found Yjax's Antique Armour Emporium.
  6732 | D:6      | Reached XP level 9. HP: 38/48 MP: 0/14
  7031 | D:6      | Reached skill level 12 in Air Magic
  7255 | D:6      | Found a staircase to the Ecumenical Temple.
  7264 | Temple   | Entered the Ecumenical Temple
  7917 | D:6      | Found a radiant altar of Vehumet.
  7917 | D:6      | Found an iron altar of Okawaru.
  7978 | D:6      | Became a worshipper of Vehumet
  8078 | D:6      | Reached skill level 13 in Air Magic
  8267 | D:6      | Reached skill level 5 in Dodging
  8339 | D:7      | Noticed Duvessa
  8339 | D:7      | Noticed Dowan
  8377 | D:7      | Found Xepla's CLEARANCE SALE!.
  8385 | D:7      | Bought a scroll of identify for 6 gold pieces
  8385 | D:7      | Bought a scroll of silence for 28 gold pieces
  8385 | D:7      | Bought a wand of light (7) for 88 gold pieces
  8505 | D:7      | Found a flagged portal.
  8510 | Bailey   | Entered a bailey
  8633 | Bailey   | Noticed an orc knight
  8818 | Bailey   | Reached skill level 14 in Air Magic
  8884 | Bailey   | Reached * piety under Vehumet
  8884 | Bailey   | Offered knowledge of Foxfire by Vehumet.
  8898 | Bailey   | Learned a level 1 spell: Foxfire
  9142 | Bailey   | Reached skill level 1 in Throwing
  9142 | Bailey   | Reached XP level 10. HP: 53/53 MP: 11/15
  9787 | Bailey   | Reached skill level 15 in Air Magic
  9898 | Bailey   | Noticed an orc knight
 10478 | Bailey   | Killed an orc knight
 10479 | Bailey   | Reached skill level 1 in Fire Magic
 10620 | Bailey   | Noticed an orc high priest
 10624 | Bailey   | Noticed a rust devil
 10628 | Bailey   | Noticed an orc knight
 10723 | Bailey   | Killed an orc high priest
 10902 | Bailey   | Noticed a kobold demonologist
 10906 | Bailey   | Killed a kobold demonologist
 11004 | Bailey   | Found an iron altar of Okawaru.
 11121 | Bailey   | Killed an orc knight
 11319 | Bailey   | Reached skill level 16 in Air Magic
 11429 | Bailey   | Killed an orc knight
 11430 | Bailey   | Reached skill level 5 in Spellcasting
 11561 | Bailey   | Reached skill level 5 in Fighting
 11561 | Bailey   | Reached skill level 5 in Stealth
 11561 | Bailey   | Reached XP level 11. HP: 64/64 MP: 19/19
 11632 | D:7      | Noticed Maggie
 11740 | D:7      | Killed Dowan
 11902 | D:7      | Killed Maggie
 11903 | D:7      | Reached skill level 17 in Air Magic
 11934 | D:7      | Killed Duvessa
 12205 | D:7      | Found a blossoming altar of Fedhas.
 12207 | D:7      | Found an ancient bone altar of Kikubaaqudgha.
 12248 | D:7      | Found a bloodstained altar of Trog.
 12302 | D:7      | Found a glowing silver altar of Zin.
 12303 | D:7      | Found a sparkling altar of Nemelex Xobeh.
 12310 | D:7      | Noticed Joseph
 12314 | D:7      | Killed Joseph
 12315 | D:7      | Reached XP level 12. HP: 61/68 MP: 3/20
 12615 | D:5      | Killed BrewmasterC's ghost
 12626 | D:5      | Offered knowledge of Scorch by Vehumet.
 12687 | D:5      | Reached ** piety under Vehumet
 12885 | D:4      | Killed lonewolfV2's ghost
 14279 | D:8      | Reached skill level 1 in Long Blades
 14280 | D:8      | Reached skill level 18 in Air Magic
 14804 | D:9      | Offered knowledge of Mephitic Cloud by Vehumet.
 14809 | D:9      | Learned a level 3 spell: Mephitic Cloud
 15153 | D:8      | HP: 3/65 [poisoned by a gnoll sergeant]
 15154 | D:8      | Succumbed to a gnoll sergeant's poison

Illustrated notes

Levels and vault maps discovered:
D:1:      dpeg_arrival_tiny_c, layout_basic, chequers_serial_rivers_micro_e
D:2:      layout_loops_ring, ebering_ecumenical_altar_petrified, uniq_jessica
D:3:      layout_loops_ring, old_standard_altar, st_stairs_4
D:4:      layout_basic, gammafunk_ghost_grave, minmay_snake_closets
D:5:      minmay_opposing_rooms, layout_basic, gup_sewer_entry_pipe,
          ebering_ghost_gozag
D:6:      layout_loops_cross, gammafunk_temple_overflow_elements,
          minmay_temple_entry_antechambers, serial_shops, shop_fountains,
          minmay_misc_feat_roman, minmay_misc_feat_tiny, st_stairs_10,
          minivault_27
D:7:      layout_rooms, grunt_temple_overflow_growth_and_decay,
          nicolae_overflow_hidden_temple, enter_bailey_4,
          nicolae_shop_clearance, uniq_joseph, uniq_duvessa, uniq_maggie
D:8:      layout_loops_cross
D:9:      layout_cave_pools, lemuel_coloured_pillars_altar
Temple:   nicolae_temple_bog_church

Skill      XL: |  1  2  3  4  5  6  7  8  9 10 11 12 |
---------------+-------------------------------------+-----
Armour         | 1 2 3 4 |  4.2
Conjurations   | 2 3 |  3.0
Air Magic      | 5 6 8 11 14 16 17 18 | 18.2
Dodging        | 3 4 5 7 |  7.9
Evocations     | 1 3 |  3.7
Spellcasting   | 3 5 |  5.0
Fighting       | 1 2 5 |  5.4
Stealth        | 3 5 |  5.3
Axes           | 1 |  1.9
Throwing       | 1 |  1.8
Fire Magic     | 2 3 |  3.0
Long Blades    | 1 |  1.3
Staves         | |  0.4

Action                     |  1- 3 |  4- 6 |  7- 9 | 10-12 || total
---------------------------+-------+-------+-------+-------++-------
  Melee: Staff             |    20 |    24 |    27 |     6 ||    77
         Kick              |     9 |     3 |    10 |     2 ||    24
         Peck              |     5 |     2 |     6 |     3 ||    16
         War axe           |       |       |    14 |       ||    14
         Scimitar          |       |       |       |    27 ||    27
  Throw: Boomerang         |       |       |     5 |       ||     5
   Cast: Shock             |    58 |   115 |   304 |   182 ||   659
         Airstrike         |       |     3 |    31 |    70 ||   104
         Foxfire           |       |       |    19 |   113 ||   132
  Evoke: Wand              |       |       |     1 |     3 ||     4
    Use: Potion            |       |     1 |     5 |     4 ||    10
         Scroll            |       |       |     6 |     1 ||     7
   Stab: Sleeping          |     2 |     2 |       |       ||     4
 Armour: Leather armour    |    12 |     7 |    20 |       ||    39
         Robe              |       |       |     9 |     1 ||    10
         Steam dragon scal |       |       |       |    10 ||    10
  Dodge: Dodged            |    24 |    57 |   165 |   101 ||   347
         Repelled          |       |       |     1 |     1 ||     2
